 Dungeon Crawl Stone Soup version 0.29.0-7-g18a832c13a (webtiles) character file.

Game seed: 4116744825558791161

158 LynnLen the Magician (level 5, 0/24 HPs)
             Began as a Spriggan Conjurer on Aug 30, 2022.
             Killed from afar by Natasha (6 damage)
             ... with a magic dart
             ... on level 2 of the Dungeon.
             The game lasted 00:10:46 (3554 turns).

LynnLen the Magician (Spriggan Conjurer)            Turns: 3554, Time: 00:10:46

Health: 0/24       AC:  0    Str:  3    XL:     5   Next: 16%
Magic:  9/13       EV: 15    Int: 21    God:
Gold:   129        SH:  0    Dex: 14    Spells: 6/13 levels left

rFire   . . .      SeeInvis +   (weapon currently unavailable)
rCold   . . .      Faith    .   (shield currently unavailable)
rNeg    . . .      Spirit   .   (body armour currently unavailable)
rPois   .          Reflect  .   (helmet currently unavailable)
rElec   .          Harm     .   (cloak currently unavailable)
rCorr   .          Rampage  .   (gloves unavailable)
Will    .....                   (boots unavailable)
Stlth   ++........              (no amulet)
HPRegen 0.08/turn               (ring currently unavailable)
MPRegen 0.13/turn               (ring currently unavailable)

@: pig-form, very quick
A: fast, no casting, small, no large weapons, unfitting armour, see invisible,
(speed 3)
a: no special abilities


You were on level 2 of the Dungeon.
You were a filthy swine.
You visited 1 branch of the dungeon, and saw 2 of its levels.

You collected 129 gold pieces.

Inventory:

Hand Weapons
 e - a +0 dagger of protection (melded)
Armour
 a - a +0 robe (melded)
Scrolls
 b - a scroll of noise {unknown}
 g - 2 scrolls of amnesia {unknown}
 h - a scroll of poison
 j - a scroll of enchant armour {unknown}
 k - a scroll of vulnerability {unknown}
 l - a scroll of magic mapping {unknown}
 m - a scroll of summoning {unknown}
 n - a scroll of acquirement {unknown}
Potions
 c - 2 potions of curing {unknown}
 f - 2 potions of lignification {unknown}
 i - a potion of haste {unknown}


   Skills:
 - Level 2.6 Dodging
 - Level 3.0 Stealth
 + Level 4.8 Spellcasting
 - Level 3.9 Conjurations
 + Level 1.6 Hexes


You had 6 spell levels left.
You knew the following spells:

 Your Spells              Type           Power      Damage    Failure   Level
a - Magic Dart            Conj           84%        1d7       2%          1
b - Searing Ray           Conj           42%        2d6       3%          2
c - Fulminant Prism       Conj/Hex       8%         3d7       34%         4

Your spell library contained the following spells:

 Spells                   Type           Power      Damage    Failure   Level
 Dazzling Flash           Conj/Hex       32%        N/A       11%         3
 Ensorcelled Hibernation  Hex/Ice        16%        N/A       12%         2
 Passwall                 Tmut/Erth      4%         N/A       17%         2
 Confusing Touch          Hex            12%        N/A       17%         3
 Portal Projectile        Hex/Tloc       16%        N/A       24%         3
 Call Canine Familiar     Summ           5%         N/A       32%         3
 Swiftness                Air            5%         N/A       32%         3
 Iskenderun's Mystic Bla  Conj/Tloc      13%        2d5       43%         4
 Leda's Liquefaction      Hex/Erth       4%         N/A       61%         4
 Yara's Violent Unravell  Hex/Tmut       4%         3d4       91%         5
 Enfeeble                 Hex            6%         N/A       100%        7


Dungeon Overview and Level Annotations

Branches:
Dungeon (2/15)

Altars:

Shops:
D:2 [

Annotations:
D:2 Natasha


Innate Abilities, Weirdness & Mutations

You are a filthy swine.
You move quickly.
Your equipment is almost entirely melded.
You are incapable of wielding weapons or throwing items.
You cannot cast spells.
You are very small and have problems with some larger weapons.
You are too small for most types of armour.
You have supernaturally acute eyesight. (SInv)
((You cover ground extremely quickly. (Speed+++)))


Message History

Your +0 robe melds into your body.
Your +0 dagger of protection goes still.
The white imp disappears in a puff of smoke!
Your magical contamination has completely faded away.
Natasha mumbles some strange words.
The goblin shouts!
The shadow imp attacks as you move away!
The shadow imp hits you.
* * * LOW HITPOINT WARNING * * *
The white imp disappears in a puff of smoke!
Your magical effects are unravelling.
You feel magically purged.
You feel less porcine.
Your +0 dagger of protection unmelds from your body.
Your +0 robe unmelds from your body.
Your +0 dagger of protection hums with potential!
You feel yourself speed up. The shadow imp barely misses you.
The goblin misses you.
Aiming: Magic Dart (safe; 2% risk of failure)
Press: ? - help, Q - select action, (/) - cycle Shift-Dir - straight line, f - goblin, p - Natasha
Aim: a goblin, wielding a +0 club (100% to hit)
The magic dart hits the goblin!
You kill the goblin!
The shadow imp shouts, "Quit, thou frothy wibble-sucking mammet!"
The shadow imp misses you.
You see here a +0 club.
The shadow imp disappears in a puff of smoke!
Natasha zaps a wand.
You turn into a filthy swine.
Your +0 dagger of protection melds into your body.
Your +0 robe melds into your body.
Your +0 dagger of protection goes still.
You see here 4 stones.
Things that are here:
a +0 dagger; a goblin skeleton You see here a +0 hand axe.
Things that are here:
a +0 dagger; a +0 sling Natasha stares at you and mumbles some strange words.
The magic dart hits you.
You die...

#..#........#.........##
##.#.######.#)#.####..#
#.#.#....#.#[#.# #..#
#.#.#.#.[#.#.#.# #..#
#h#.#.####.#[#.# #..#
#)#.#......#)#.# #..#
#.#.########[#.# #..##
#####.#..........#.# ##...##
......##########h#.###...#.##
####...(.)h.)..).#..........#
.########..###########.#..#.#
.................# #.##.#.#
)########.######.# #<##.#.#
....<.....######.# #.##.#.#
...............#.# #.##.#.#
.#############.#.# #....#.#
.# #.#.# #.####.#


You could see Natasha.

Vanquished Creatures
  Jessica (D:2)
  An orc wizard (D:2)
  Natasha (D:2)
  Robin (D:2)
  2 adders (D:2)
  A worm (D:1)
  3 dart slugs
  2 orcs (D:2)
  4 bats
  4 endoplasms
  A giant cockroach (D:1)
  10 goblins
  A hobgoblin (D:1)
  3 quokkas
  3 ball pythons
  7 frilled lizards
  3 kobolds
  2 rats (D:1)
50 creatures vanquished.

Notes
Turn   | Place    | Note
-------+----------+-------------------------------------------
     0 | D:1      | LynnLen the Spriggan Conjurer began the quest for the Orb.
     0 | D:1      | Reached XP level 1. HP: 9/9 MP: 5/5
   332 | D:1      | Reached skill level 3 in Spellcasting
   608 | D:1      | Reached XP level 2. HP: 12/13 MP: 1/7
   680 | D:1      | Found a faded altar of an unknown god.
  1240 | D:1      | Learned a level 2 spell: Searing Ray
  1412 | D:2      | Identified the +1 leather armour "Ysser" {Str+2 Int+2}
  1511 | D:2      | Reached XP level 3. HP: 16/16 MP: 3/9
  1718 | D:2      | Noticed Jessica
  1925 | D:2      | Killed Jessica
  1926 | D:2      | Reached skill level 4 in Spellcasting
  2080 | D:2      | Reached XP level 4. HP: 19/21 MP: 4/11
  2467 | D:2      | Learned a level 4 spell: Fulminant Prism
  2554 | D:2      | Found Likomy's Antique Armour Boutique.
  2556 | D:2      | Noticed Natasha
  2561 | D:2      | Noticed Robin
  2691 | D:2      | Killed Robin
  3025 | D:2      | Killed Natasha
  3026 | D:2      | Reached skill level 1 in Hexes
  3362 | D:2      | Reached XP level 5. HP: 24/24 MP: 3/13
  3500 | D:2      | Noticed Natasha
  3554 | D:2      | Killed from afar by Natasha

Illustrated notes

Levels and vault maps discovered:
D:1:      dpeg_arrival_signposts, layout_rooms,
          ebering_ecumenical_altar_sacrificial
D:2:      layout_loops_ring, serial_shops, nicolae_shop_hallway_stairs,
          minivault_5, st_stairs_10, uniq_jessica, uniq_natasha, uniq_robin

Skill      XL: |  1  2  3  4 |
---------------+-------------+-----
Conjurations   | 3 |  3.9
Spellcasting   | 3 4 |  4.8
Hexes          | 1 |  1.6
Dodging        | |  2.6
Stealth        | |  3.0

Action                   |  1- 3 |  4- 6 || total
-------------------------+-------+-------++-------
Melee: Unarmed           |     3 |       ||     3
       Dagger            |     3 |    14 ||    17
 Cast: Magic Dart        |    76 |    39 ||   115
       Searing Ray       |     3 |     5 ||     8
  Use: Scroll            |     3 |       ||     3
       Potion            |     1 |     1 ||     2
Armor: Robe              |     4 |     2 ||     6
Dodge: Dodged            |    27 |    34 ||    61
